 Dungeon Crawl Stone Soup version 0.29.1-2-gbd0b4ee654 (webtiles) character file.

Game seed: 1121732835650362677

4 qeuew the Sneak (level 1, -1/9 HPs)
             Began as a Spriggan Enchanter on Nov 11, 2022.
             Slain by a hobgoblin (4 damage)
             ... on level 1 of the Dungeon.
             The game lasted 00:00:28 (162 turns).

qeuew the Sneak (Spriggan Enchanter)                 Turns: 162, Time: 00:00:28

Health: -1/9       AC:  2    Str:  4    XL:     1   Next: 50%
Magic:  5/5        EV: 17    Int: 16    God:
Gold:   29         SH:  0    Dex: 15    Spells: 5/5 levels left

rFire   . . .      SeeInvis +   a - +1 dagger
rCold   . . .      Faith    .   (no shield)
rNeg    . . .      Spirit   .   b - +0 robe
rPois   .          Reflect  .   (helmet restricted)
rElec   .          Harm     .   (no cloak)
rCorr   .          Rampage  .   (gloves unavailable)
Will    .....                   (boots unavailable)
Stlth   +++.......              (no amulet)
HPRegen 0.03/turn               (no ring)
MPRegen 0.09/turn               (no ring)

@: very quick
A: very small, no large weapons, unfitting armour, see invisible, speed 3
a: no special abilities


You were on level 1 of the Dungeon.
You visited 1 branch of the dungeon, and saw 1 of its levels.

You collected 29 gold pieces.

Inventory:

Hand Weapons
 a - a +1 dagger (weapon)
Armour
 b - a +0 robe (worn)
Scrolls
 e - a scroll of identify {unknown}
Potions
 c - 2 potions of invisibility
 d - a potion of degeneration {unknown}
 f - a potion of brilliance {unknown}
 g - a potion of curing {unknown}


   Skills:
 + Level 1.2 Short Blades
 + Level 2.8 Dodging
 + Level 4.5 Stealth
 + Level 2.8 Spellcasting
 + Level 3.7 Hexes


You had 5 spell levels left.
You didn't know any spells.
Your spell library contained the following spells:

 Spells                   Type           Power      Damage    Failure   Level
 Confusing Touch          Hex            14%        N/A       13%         3
 Tukima's Dance           Hex            14%        N/A       13%         3
 Ensorcelled Hibernation  Hex/Ice        16%        N/A       14%         2
 Dazzling Flash           Conj/Hex       16%        N/A       26%         3
 Sublimation of Blood     Necr           2%         N/A       28%         2
 Petrify                  Tmut/Erth      2%         N/A       88%         4
 Irradiate                Conj/Tmut      1%         3d12      99%         5


Dungeon Overview and Level Annotations

Branches:
Dungeon (1/15)

Altars:


Innate Abilities, Weirdness & Mutations

You are very small and have problems with some larger weapons.
You are too small for most types of armour.
You have supernaturally acute eyesight. (SInv)
You cover ground extremely quickly. (Speed+++)


Message History

The hobgoblin is almost dead.
The hobgoblin barely misses you. The hobgoblin completely misses you.
The frilled lizard bites you but does no damage.
You hit the hobgoblin but do no damage.
The hobgoblin is almost dead.
The hobgoblin misses you. The hobgoblin barely misses you.
The frilled lizard completely misses you.
You barely miss the hobgoblin.
The hobgoblin is almost dead.
The hobgoblin hits you but does no damage.
The hobgoblin barely misses you. The frilled lizard misses you.
You closely miss the hobgoblin.
The hobgoblin is almost dead.
The hobgoblin misses you. x2; The frilled lizard misses you.
You hit the hobgoblin.
You kill the hobgoblin!
The frilled lizard bites you. The hobgoblin hits you.
You are too injured to fight recklessly!
You are too injured to fight recklessly!
Unknown command.
The frilled lizard misses you. The hobgoblin barely misses you.
You miss the frilled lizard.
The frilled lizard completely misses you.
The hobgoblin hits you but does no damage.
You hit the frilled lizard.
You kill the frilled lizard!
The hobgoblin misses you.
You hit the hobgoblin.
The hobgoblin is moderately wounded.
The hobgoblin misses you.
You barely miss the hobgoblin.
The hobgoblin is moderately wounded.
The hobgoblin misses you.
You hit the hobgoblin.
The hobgoblin is heavily wounded.
The hobgoblin misses you.
You barely miss the hobgoblin.
The hobgoblin is moderately wounded.
The hobgoblin hits you.
You die...

#≈≈...~...~≈#
#≈≈..~~~..~≈#.#
#≈~.~~≈~~.~~#..
#~..~≈≈<~..~#..
#~.~~.≈≈≈..≈#.# .
#....~~≈≈~.##.### ..#
#.~~≈~≈≈≈~.##(.)#####...#
#.~≈.~≈≈~~~.#.#g.........
#.~~~.~..~~.#..@..$..#
#..~~.~.~~~.#.#####..:.#
#..~.~.~≈...#.# ##.#
##..≈...~.....#
#...~....#...###
##.......##.....##
#..##.........#..#
#.####.#......##.##
#..#..####....##..#######


You could see a hobgoblin.

Vanquished Creatures
  A bat (D:1)
  A hobgoblin (D:1)
  A frilled lizard (D:1)
  A rat (D:1)
4 creatures vanquished.

Notes
Turn   | Place    | Note
-------+----------+-------------------------------------------
     0 | D:1      | qeuew the Spriggan Enchanter began the quest for the Orb.
     0 | D:1      | Reached XP level 1. HP: 9/9 MP: 5/5
   162 | D:1      | Slain by a hobgoblin

Illustrated notes

Levels and vault maps discovered:
D:1:      dpeg_arrival_more_subterranean_lakeside_camping, layout_rooms,
          hellmonk_ecumenical_altar_leap_of_faith

Action                   || total
-------------------------++-------
Melee: Dagger            ||    20
 Stab: Sleeping          ||     1
Armor: Robe              ||     3
Dodge: Dodged            ||    23
